[Event "December 12 Early 2023"]
[Site "https://www.chess.com"]
[Date "2023.12.12"]
[Round "1"]
[White "Srihari L R"]
[Black "Kozelov, Roman"]
[Result "1/2-1/2"]
[Board "93"]
[TimeControl "180+1"]
[WhiteFideId "46617116"]
[BlackFideId "14133377"]
[WhiteElo "2750"]
[BlackElo "2419"]
[WhiteTeam "IND"]
[BlackTeam "UKR"]
[WhiteClock "0:00:51"]
[BlackClock "0:00:56"]

1. e4 e6 2. Nf3 d5 3. d3 dxe4 4. dxe4 Qxd1+ 5. Kxd1 Nf6 6. Bd3 Bc5 7. Ke2 O-O 8. Be3 Bxe3 9. Kxe3 b6 10. c3 Ba6 11. Bxa6 Nxa6 12. Na3 Nc5 13. Nd2 Rfd8 14. f3 c6 15. Rhd1 Rd3+ 16. Ke2 Rad8 17. Nac4 Na4 18. Rab1 b5 19. Ne5 R3d6 20. Nf1 Rxd1 21. Rxd1 Rxd1 22. Kxd1 Nxb2+ 23. Kc2 Nc4 24. Nxc4 bxc4 25. Ne3 Kf8 26. Nxc4 Ke7 27. Kb3 Nd7 28. Kb4 Kd8 29. Ka5 Kc7 30. Ka6 Nc5+ 31. Ka5 f6 32. Ne3 Nd3 33. Ka4 Kb6 34. Kb3 Kc5 35. Kc2 Ne5 36. Nf1 Nc4 37. Kd3 Ne5+ 38. Kc2 Nc4 39. Kd3 Ne5+ 40. Kc2 1/2-1/2

[Event "December 12 Early 2023"]
[Site "https://www.chess.com"]
[Date "2023.12.12"]
[Round "1"]
[White "Sari, Yasin"]
[Black "Gan-Erdene, Sugar"]
[Result "0-1"]
[Board "94"]
[TimeControl "180+1"]
[WhiteFideId "6320902"]
[BlackFideId "4902980"]
[WhiteElo "2419"]
[BlackElo "2749"]
[WhiteTeam "TUR"]
[BlackTeam "MGL"]
[WhiteClock "0:00:02"]
[BlackClock "0:00:05"]

1. d4 Nf6 2. Bf4 d5 3. e3 e6 4. Nf3 c5 5. c3 Nc6 6. Nbd2 Be7 7. Bd3 O-O 8. h3 Bd7 9. O-O Qb6 10. Qb3 Rac8 11. Ne5 Nxe5 12. dxe5 Ne8 13. e4 Nc7 14. Rfe1 c4 15. Qxb6 axb6 16. Bc2 Na6 17. exd5 exd5 18. Nf3 Nc5 19. Nd4 Be6 20. Be3 Bd7 21. g3 Bxh3 22. Kh2 Bd7 23. Rh1 Rfe8 24. Kg2 h6 25. Bxh6 gxh6 26. Rxh6 Bf8 27. Bh7+ Kg7 28. Rh5 Be7 29. Rah1 Rh8 30. f3 Nd3 31. Bf5 Rxh5 32. Rxh5 Rd8 33. e6 fxe6 34. Bxe6 Nc5 35. Nf5+ Kf6 36. Rh6+ Ke5 37. f4+ Ke4 38. Nd4 Bxe6 39. Nxe6 Rd6 40. Ng5+ Kd3 41. Rh7 Bxg5 42. fxg5 Rg6 43. Rh6 Rxg5 44. Rxb6 Ne4 45. Rxb7 Rxg3+ 46. Kh2 Rf3 47. a4 Rf2+ 48. Kh3 Rf1 49. Rb5 Rf5 50. Kg4 Rg5+ 51. Kf4 Kc2 52. a5 Rg7 53. Rxd5 Nd2 54. Rb5 Nb3 55. Rb4 Rc7 56. a6 Kxb2 57. a7 Rxa7 58. Rxc4 Rf7+ 59. Ke5 Rd7 60. Ke6 Rd8 61. Ke7 Rd3 62. Rc7 Rd5 63. c4 Rh5 64. c5 Nxc5 65. Kd6 Ne4+ 66. Ke6 Kb3 67. Rb7+ Kc4 68. Rc7+ Kd4 69. Rd7+ Ke3 70. Ra7 Nc5+ 71. Kd6 Kd4 72. Ra1 Rh6+ 73. Kc7 Kd5 74. Rd1+ Kc4 75. Rc1+ Kb5 76. Rb1+ Ka5 77. Ra1+ Na4 78. Kd7 Kb5 79. Ke7 Nc5 80. Kf7 Kc6 81. Rf1 Kd5 82. Rf5+ Kd4 83. Rf6 Rh5 84. Kg6 Re5 85. Rf4+ Ne4 86. Rf5 Re6+ 87. Kg7 Nd6 88. Ra5 Ke4 89. Ra4+ Kd5 90. Ra5+ Kc6 91. Ra6+ Kb5 92. Ra1 Kb6 93. Rb1+ Kc6 94. Rc1+ Kd7 95. Rg1 Ke7 96. Rg6 Nf5+ 97. Kh7 Re4 98. Rg5 Kf6 99. Rg6+ Kf7 100. Rg4 Rxg4 101. Kh8 Rh4# 0-1

[Event "December 12 Early 2023"]
[Site "https://www.chess.com"]
[Date "2023.12.12"]
[Round "1"]
[White "Harshavardhan G B"]
[Black "Osinovsky, Stepan"]
[Result "1-0"]
[Board "95"]
[TimeControl "180+1"]
[WhiteFideId "25059009"]
[BlackFideId "4157354"]
[WhiteElo "2745"]
[BlackElo "2416"]
[WhiteTeam "IND"]
[BlackTeam "RUS"]
[WhiteClock "0:01:26"]
[BlackClock "0:00:00"]

1. d4 Nf6 2. c4 g6 3. Nc3 Bg7 4. e4 O-O 5. Nf3 d6 6. Be2 e5 7. d5 a5 8. Bg5 h6 9. Be3 Ng4 10. Bc1 f5 11. exf5 gxf5 12. g3 Na6 13. O-O Nc5 14. Nh4 Bd7 15. f3 Nf6 16. f4 e4 17. Be3 Ng4 18. Ng2 Nxe3 19. Nxe3 Kh8 20. Qd2 Rg8 21. Kh1 Bf6 22. Rg1 Qe7 23. Rg2 Rg7 24. Rag1 Rag8 25. Nb5 Bxb5 26. Nxf5 Qd7 27. Nxg7 Qxg7 28. cxb5 Bxb2 29. b6 cxb6 30. Rb1 Bd4 31. Bb5 Qf7 32. Qxd4+ Rg7 33. Rf1 Kh7 34. f5 Rg4 35. Be2 Rg5 36. f6 Re5 37. Bg4 Rxd5 38. Bf5+ Kh8 39. Bg6 Qg8 40. Qa1 1-0

[Event "December 12 Early 2023"]
[Site "https://www.chess.com"]
[Date "2023.12.12"]
[Round "1"]
[White "Salinas Tomas, Daniel"]
[Black "Kozak, Antoni"]
[Result "0-1"]
[Board "96"]
[TimeControl "180+1"]
[WhiteFideId "24597716"]
[BlackFideId "21832030"]
[WhiteElo "2415"]
[BlackElo "2742"]
[WhiteTeam "ESP"]
[BlackTeam "POL"]
[WhiteClock "0:00:10"]
[BlackClock "0:00:53"]

1. Nf3 Nf6 2. g3 d5 3. Bg2 c6 4. O-O Bf5 5. d4 h6 6. c4 e6 7. Qb3 Qb6 8. c5 Qa6 9. Nc3 Nbd7 10. Qd1 Be7 11. b4 b6 12. Bf4 O-O 13. a4 bxc5 14. bxc5 g5 15. Bd2 Rab8 16. h4 Ne4 17. hxg5 Nxc3 18. Bxc3 hxg5 19. Qd2 f6 20. Ne1 Rb3 21. Nd3 Kg7 22. Nb4 Qb7 23. a5 Rb8 24. a6 Qb5 25. Nd3 Nf8 26. Rfc1 Bd8 27. f3 Bc7 28. Bf1 Bxd3 29. exd3 Bxg3 30. Be2 Bf4 31. Qc2 Bxc1 32. Rxc1 Qxa6 33. Bd1 Qa3 34. Qd2 Rb1 0-1

[Event "December 12 Early 2023"]
[Site "https://www.chess.com"]
[Date "2023.12.12"]
[Round "1"]
[White "Rychkov, Oleg"]
[Black "Bach Ngoc Thuy Duong"]
[Result "1-0"]
[Board "97"]
[TimeControl "180+1"]
[WhiteFideId "4122852"]
[BlackFideId "12408956"]
[WhiteElo "2741"]
[BlackElo "2415"]
[WhiteTeam "RUS"]
[BlackTeam "VIE"]
[WhiteClock "0:01:38"]
[BlackClock "0:00:10"]

1. e4 c5 2. Nf3 d6 3. d4 cxd4 4. Nxd4 Nf6 5. Nc3 a6 6. f4 e5 7. Nf3 Qc7 8. Bd3 Nbd7 9. O-O Be7 10. Kh1 b5 11. fxe5 dxe5 12. Bg5 Bb7 13. a3 h6 14. Bh4 O-O 15. Qe1 Rfe8 16. Bg3 Nh5 17. Nh4 Nxg3+ 18. Qxg3 Bxh4 19. Qxh4 Nc5 20. Rf3 Qe7 21. Qg3 Qg5 22. Qf2 Ne6 23. Rxf7 Rf8 24. Rxf8+ Rxf8 25. Qg3 Qxg3 26. hxg3 Nc5 27. Kg1 Rd8 28. Rd1 Kf8 29. b4 Nxe4 30. Nxe4 Bxe4 31. Rf1+ 1-0

[Event "December 12 Early 2023"]
[Site "https://www.chess.com"]
[Date "2023.12.12"]
[Round "1"]
[White "Karthik, Advaith"]
[Black "Krysa, Leandro"]
[Result "0-1"]
[Board "98"]
[TimeControl "180+1"]
[WhiteFideId "30946050"]
[BlackFideId "116807"]
[WhiteElo "2415"]
[BlackElo "2737"]
[WhiteTeam "USA"]
[BlackTeam "ARG"]
[WhiteClock "0:00:47"]
[BlackClock "0:01:05"]

1. d4 Nf6 2. c4 g6 3. Nc3 d5 4. Nf3 Bg7 5. Bg5 Ne4 6. cxd5 Nxg5 7. Nxg5 e6 8. Qd2 h6 9. Nh3 exd5 10. Nf4 c6 11. e3 O-O 12. Be2 Qd6 13. O-O h5 14. Nd3 h4 15. b4 h3 16. g3 Bf5 17. b5 Nd7 18. bxc6 bxc6 19. Rfc1 Rab8 20. Rab1 Qa3 21. Bf1 Rb6 22. Rxb6 Nxb6 23. Nf4 Nc4 24. Qe1 Nb2 25. Qd2 Nc4 26. Qd1 Bh6 27. Qb3 Qxc1 0-1

[Event "December 12 Early 2023"]
[Site "https://www.chess.com"]
[Date "2023.12.12"]
[Round "1"]
[White "Krzyzanowski, Marcin"]
[Black "Batbold, Nyamsuren"]
[Result "1-0"]
[Board "99"]
[TimeControl "180+1"]
[WhiteFideId "1132199"]
[BlackFideId "4903331"]
[WhiteElo "2735"]
[BlackElo "2413"]
[WhiteTeam "POL"]
[BlackTeam "MGL"]
[WhiteClock "0:00:14"]
[BlackClock "0:00:00"]

1. e4 c5 2. Nf3 Nc6 3. Bb5 a6 4. Bxc6 dxc6 5. d3 g6 6. O-O Bg7 7. a4 b6 8. a5 b5 9. Nbd2 Nf6 10. Qe2 O-O 11. h3 Nd7 12. Nb3 h6 13. e5 e6 14. Re1 Qe7 15. c4 Bb7 16. Be3 Rfd8 17. Rac1 Nxe5 18. Nxe5 Bxe5 19. Bxc5 Bd6 20. d4 Bxc5 21. dxc5 Qg5 22. Rcd1 h5 23. Qe4 Rxd1 24. Rxd1 Rd8 25. Rd6 Re8 26. h4 Qf6 27. cxb5 axb5 28. Nd4 Ra8 29. b4 Rc8 30. Rd7 Ba8 31. a6 e5 32. Rd6 Qe7 33. Nf3 Qa7 34. Nxe5 Qxa6 35. Nxf7 Qa1+ 36. Kh2 Kxf7 37. Qxg6+ Ke7 38. Qe6+ Kf8 39. Qxc8+ 1-0

[Event "December 12 Early 2023"]
[Site "https://www.chess.com"]
[Date "2023.12.12"]
[Round "1"]
[White "Marchesich, Giovanni"]
[Black "Atakhan, Abtin"]
[Result "0-1"]
[Board "100"]
[TimeControl "180+1"]
[WhiteFideId "2824790"]
[BlackFideId "22502203"]
[WhiteElo "2413"]
[BlackElo "2733"]
[WhiteTeam "ITA"]
[BlackTeam "IRI"]
[WhiteClock "0:00:07"]
[BlackClock "0:00:12"]

1. e4 c5 2. Nf3 d6 3. d4 cxd4 4. Nxd4 Nf6 5. Nc3 a6 6. Bc4 e6 7. Bb3 b5 8. O-O Be7 9. Qf3 Qb6 10. Be3 Qb7 11. Qg3 b4 12. Na4 O-O 13. Bh6 Ne8 14. c3 Kh8 15. Be3 a5 16. Rac1 Nf6 17. f3 Bd7 18. Nc2 bxc3 19. bxc3 Ra6 20. Rb1 Qc7 21. Qf2 Bb5 22. Rfc1 Nbd7 23. c4 Bc6 24. Nd4 Bxa4 25. Bxa4 Nc5 26. Bb5 Raa8 27. Nc6 Nd3 28. Bb6 Qb7 29. Qe3 Nxc1 30. Rxc1 a4 31. Na5 Qc8 32. Nc6 Re8 33. Na7 Qb7 34. Bxe8 Rxe8 35. Nb5 Nd7 36. Bd4 Rc8 37. Qc3 Ne5 38. f4 Rxc4 39. Qb2 Nd3 40. Bxg7+ Kg8 41. Rxc4 Nxb2 42. Bxb2 Qxb5 43. Rc8+ Bf8 44. Ba3 Qb1+ 45. Bc1 Qxa2 46. f5 Qe2 47. h3 Qd1+ 48. Kh2 Qh5 49. g4 Qh4 50. Be3 exf5 51. exf5 Kg7 52. Bd4+ f6 53. Rc7+ Kg8 54. Kg2 Qg5 55. Kf3 Qd2 56. Be3 Qd3 57. Rc8 Qd5+ 58. Kf2 Kf7 59. Rc7+ Be7 60. Rc8 Qa2+ 61. Kg3 a3 62. h4 Qd5 63. g5 Qe5+ 64. Kf3 Qxf5+ 65. Ke2 Qxc8 0-1

[Event "December 12 Early 2023"]
[Site "https://www.chess.com"]
[Date "2023.12.12"]
[Round "1"]
[White "Mindlin, Alon"]
[Black "yaguigor"]
[Result "1-0"]
[Board "101"]
[TimeControl "180+1"]
[WhiteFideId "2800071"]
[WhiteElo "2730"]
[BlackElo "2413"]
[WhiteTeam "ISR"]
[WhiteClock "0:01:06"]
[BlackClock "0:00:56"]

1. d4 d5 2. c4 c6 3. cxd5 cxd5 4. Bg5 Nc6 5. Nc3 f6 6. Bd2 e5 7. e4 Nxd4 8. Nge2 Ne7 9. exd5 Nxe2 10. Bxe2 Nxd5 11. Qb3 Nxc3 12. Bxc3 Qb6 13. Bb5+ Bd7 14. Bxd7+ Kxd7 15. Qf7+ Kc8 16. Rc1 Bc5 17. O-O a5 18. Qxg7 Rd8 19. Bxe5 fxe5 20. Qxe5 Qd6 21. Rxc5+ Kb8 22. Rd1 Qxe5 23. Rxd8+ 1-0

[Event "December 12 Early 2023"]
[Site "https://www.chess.com"]
[Date "2023.12.12"]
[Round "1"]
[White "Donskov, Anatoly"]
[Black "Kosteniuk, Alexandra"]
[Result "0-1"]
[Board "102"]
[TimeControl "180+1"]
[WhiteFideId "24143413"]
[BlackFideId "4128125"]
[WhiteElo "2409"]
[BlackElo "2728"]
[WhiteTeam "RUS"]
[BlackTeam "SUI"]
[WhiteClock "0:00:04"]
[BlackClock "0:00:10"]

1. e4 c6 2. d4 d5 3. Nc3 dxe4 4. Nxe4 Nf6 5. Nxf6+ exf6 6. c3 Bd6 7. Bd3 Be6 8. Qc2 Nd7 9. Be3 Nf8 10. Ne2 Qc7 11. c4 Ng6 12. O-O-O b5 13. cxb5 O-O 14. Qxc6 Qe7 15. Kb1 Rfc8 16. Qf3 Qc7 17. d5 Bd7 18. Bxg6 hxg6 19. Nd4 a6 20. Rc1 Qb7 21. Rxc8+ Rxc8 22. bxa6 Qxa6 23. Qe2 Qa5 24. Rc1 Ra8 25. Qc4 f5 26. a3 f4 27. Nc6 Bf5+ 28. Ka1 Qc7 29. Bc5 Re8 30. Bxd6 Qxd6 31. Qc5 Qf6 32. d6 Re2 33. Ne7+ Kh7 34. Qc3 Qxd6 35. Nxf5 gxf5 36. Qh3+ Kg6 37. Qf3 Re6 38. h4 Re4 39. g3 fxg3 40. fxg3 Qe5 41. Rf1 Re3 42. Qc6+ f6 43. Qc1 Rxa3+ 44. Kb1 Rxg3 45. Rg1 Qe4+ 46. Ka1 f4 47. Rf1 Qa4+ 48. Kb1 Qe4+ 49. Ka1 f3 50. h5+ Kh7 51. Qc7 Rg2 52. h6 Kxh6 53. Rh1+ Kg6 54. Qc8 Qa4+ 55. Kb1 Qe4+ 56. Ka1 Qe5 57. Qh3 Qxb2# 0-1

[Event "December 12 Early 2023"]
[Site "https://www.chess.com"]
[Date "2023.12.12"]
[Round "1"]
[White "Matinian, Nikita"]
[Black "Lima, Stefan Moisei VIeira"]
[Result "1-0"]
[Board "103"]
[TimeControl "180+1"]
[WhiteFideId "24129100"]
[BlackFideId "22782273"]
[WhiteElo "2720"]
[BlackElo "2408"]
[WhiteTeam "FID"]
[BlackTeam "BRA"]
[WhiteClock "0:00:57"]
[BlackClock "0:00:18"]

1. e4 c5 2. Nc3 a6 3. g3 b5 4. Bg2 Bb7 5. d3 e6 6. f4 Be7 7. Nf3 d6 8. O-O Nd7 9. Ng5 Qc7 10. Qh5 g6 11. Qh3 Ngf6 12. f5 exf5 13. exf5 Bxg2 14. Kxg2 O-O 15. fxg6 hxg6 16. Nd5 Qb7 17. c4 Rfe8 18. Kg1 Bd8 19. Nxf7 Nxd5 20. Qh8# 1-0

[Event "December 12 Early 2023"]
[Site "https://www.chess.com"]
[Date "2023.12.12"]
[Round "1"]
[White "Matthes, Aaron"]
[Black "Arslanov, Shamil"]
[Result "0-1"]
[Board "104"]
[TimeControl "180+1"]
[WhiteFideId "16227310"]
[BlackFideId "4192826"]
[WhiteElo "2407"]
[BlackElo "2717"]
[WhiteTeam "GER"]
[BlackTeam "RUS"]
[WhiteClock "0:01:17"]
[BlackClock "0:01:59"]

1. Nf3 d6 2. d4 e5 3. dxe5 Bg4 4. exd6 Bxd6 5. Nc3 Nc6 6. e4 Qe7 7. Be2 O-O-O 8. Bd2 Bxf3 9. Bxf3 Bf4 10. Nd5 Rxd5 11. Bxf4 Rxd1+ 12. Rxd1 Nf6 13. O-O Ne5 14. Be2 g5 15. Bxg5 Rg8 16. Bh4 Qe6 17. Rfe1 Nxe4 18. f4 Qb6+ 19. Kh1 Nf2+ 20. Bxf2 Qxf2 21. Bf1 Nf3 22. Rd2 Qg1# 0-1

[Event "December 12 Early 2023"]
[Site "https://www.chess.com"]
[Date "2023.12.12"]
[Round "1"]
[White "Novozhilov, Semen"]
[Black "Tymrakiewicz, Rafal"]
[Result "1-0"]
[Board "105"]
[TimeControl "180+1"]
[WhiteFideId "24289167"]
[BlackFideId "1108832"]
[WhiteElo "2717"]
[BlackElo "2407"]
[WhiteTeam "RUS"]
[BlackTeam "POL"]
[WhiteClock "0:01:28"]
[BlackClock "0:00:00"]

1. d4 d5 2. c4 c6 3. Nf3 Nf6 4. e3 g6 5. b3 Bg7 6. Bb2 O-O 7. Bd3 b6 8. O-O Bb7 9. Nbd2 Re8 10. Ne5 c5 11. cxd5 Nxd5 12. Bb5 Bxe5 13. dxe5 Bc6 14. Be2 Nc7 15. Qc2 Qd7 16. Rad1 Qf5 17. e4 Qc8 18. Nc4 Nd7 19. Bg4 Rd8 20. f4 b5 21. Ne3 e6 22. f5 Qb7 23. fxe6 Nxe6 24. Nd5 Nd4 25. Bxd4 cxd4 26. Bxd7 Bxd7 27. Rxd4 Be6 28. Qd2 Kg7 29. h4 h6 30. h5 g5 31. Qf2 Bxd5 32. Qf6+ Kg8 33. exd5 Qb6 34. Qxb6 axb6 35. Rf6 Rxa2 36. Rxb6 Kg7 37. Rxb5 Re2 38. d6 f6 39. Rb7+ Kf8 40. exf6 Re6 41. d7 Rxf6 42. Rc7 Ke7 43. b4 Rd6 44. Rxd6 Kxd6 45. Ra7 Kd5 46. Kh2 Kc4 47. Ra6 Rxd7 48. Rxh6 Kxb4 49. Rg6 Rd5 50. h6 g4 51. Kg3 Rh5 52. Kxg4 Rh1 53. Kg5 Kc5 54. Kf6 Kd5 55. Kg7 Ke4 56. h7 Kf5 57. Rh6 1-0

[Event "December 12 Early 2023"]
[Site "https://www.chess.com"]
[Date "2023.12.12"]
[Round "1"]
[White "Dyulgerov, Volen"]
[Black "Kaasen, Tor Fredrik"]
[Result "1/2-1/2"]
[Board "106"]
[TimeControl "180+1"]
[WhiteFideId "2918978"]
[BlackFideId "1516647"]
[WhiteElo "2406"]
[BlackElo "2715"]
[WhiteTeam "BUL"]
[BlackTeam "NOR"]
[WhiteClock "0:00:03"]
[BlackClock "0:00:05"]

1. e4 c6 2. d4 d5 3. Nd2 dxe4 4. Nxe4 Nf6 5. Ng5 Bf5 6. N1f3 e6 7. Ne5 Bg6 8. Nxg6 hxg6 9. Bf4 Bd6 10. Qd2 Bxf4 11. Qxf4 Qd5 12. Be2 Nbd7 13. O-O O-O 14. Qh4 e5 15. Rad1 Rae8 16. c4 Qa5 17. dxe5 Nxe5 18. Rd6 Re6 19. Nxe6 fxe6 20. Rxe6 Ned7 21. c5 Qxc5 22. Bc4 Nd5 23. Re7 b5 24. Bb3 Nf6 25. Rfe1 a5 26. R7e5 a4 27. Bxd5+ Nxd5 28. Re6 a3 29. bxa3 Nc3 30. Rxg6 Ne2+ 31. Kh1 Rxf2 32. Qd8+ Kh7 33. Rg4 Qf5 34. Rh4+ Kg6 35. Qd6+ Kf7 36. Qc7+ Kg6 37. Qd6+ Kf7 38. Qc7+ Kg6 39. Qd6+ 1/2-1/2

[Event "December 12 Early 2023"]
[Site "https://www.chess.com"]
[Date "2023.12.12"]
[Round "1"]
[White "Kourkoulos-Arditis, Stamatis"]
[Black "Ovezdurdyyeva, Jemal"]
[Result "1-0"]
[Board "107"]
[TimeControl "180+1"]
[WhiteFideId "4221990"]
[BlackFideId "14001888"]
[WhiteElo "2714"]
[BlackElo "2405"]
[WhiteTeam "GRE"]
[BlackTeam "TKM"]
[WhiteClock "0:00:50"]
[BlackClock "0:01:16"]

1. e4 d6 2. d4 Nf6 3. Nc3 g6 4. g3 Bg7 5. Bg2 c6 6. Nge2 b5 7. a3 O-O 8. O-O a5 9. e5 dxe5 10. dxe5 Qxd1 11. Rxd1 Nfd7 12. f4 Nb6 13. b3 Bf5 14. Be3 N6d7 15. Nd4 Ra6 16. Nxf5 gxf5 17. Rd2 Rc8 18. Rad1 Rc7 19. Kf2 e6 20. h3 f6 21. exf6 Bxf6 22. Ne2 c5 23. Rd6 Rxd6 24. Rxd6 c4 25. b4 axb4 26. axb4 Be7 27. Rxe6 Bxb4 28. Bd5 Kf8 29. Nd4 Nc5 30. Rf6+ Kg7 31. Rxf5 Nbd7 32. Nxb5 Rb7 33. Bd4+ Kg6 34. Rg5+ Kh6 35. Bg7# 1-0

[Event "December 12 Early 2023"]
[Site "https://www.chess.com"]
[Date "2023.12.12"]
[Round "1"]
[White "Rosenberg, Evan S"]
[Black "Sourath Biswas"]
[Result "0-1"]
[Board "108"]
[TimeControl "180+1"]
[WhiteFideId "2019299"]
[BlackFideId "35091484"]
[WhiteElo "2405"]
[BlackElo "2709"]
[WhiteTeam "USA"]
[BlackTeam "IND"]
[WhiteClock "0:00:47"]
[BlackClock "0:01:01"]

1. Nf3 Nf6 2. d4 g6 3. Nc3 d5 4. Bf4 Bg7 5. Nb5 Na6 6. e3 Ne4 7. Nd2 Nxd2 8. Qxd2 c6 9. Nc3 Nc7 10. O-O-O Ne6 11. Be5 Bxe5 12. dxe5 Qa5 13. Kb1 Bd7 14. h4 h5 15. f4 Ng7 16. e4 Bg4 17. Be2 Bxe2 18. Qxe2 dxe4 19. Nxe4 Nf5 20. Rh3 Rd8 21. Rxd8+ Qxd8 22. Rd3 Qb6 23. Nf6+ exf6 24. exf6+ Kf8 25. a4 Qc7 26. g3 Kg8 27. Qe8+ Kh7 28. Qd7 Qxd7 29. Rxd7 Rb8 30. Rxf7+ Kh6 31. a5 Nxg3 32. a6 bxa6 33. Rxa7 Rf8 34. f7 Nf5 35. Rxa6 Nxh4 36. Rxc6 Nf3 37. b4 h4 38. b5 h3 0-1

[Event "December 12 Early 2023"]
[Site "https://www.chess.com"]
[Date "2023.12.12"]
[Round "1"]
[White "KacperKacprzak"]
[Black "Garrido, Denis"]
[Result "1-0"]
[Board "109"]
[TimeControl "180+1"]
[BlackFideId "601217"]
[WhiteElo "2705"]
[BlackElo "2404"]
[BlackTeam "FRA"]
[WhiteClock "0:01:27"]
[BlackClock "0:00:00"]

1. d4 d5 2. c4 e6 3. Nf3 c6 4. Qc2 f5 5. g3 Nf6 6. Bg2 Bd6 7. O-O Qe7 8. Bf4 Bxf4 9. gxf4 O-O 10. e3 Kh8 11. Nc3 Nh5 12. Ne2 Nd7 13. Ng3 Ndf6 14. Ne5 Nxg3 15. fxg3 Bd7 16. Rab1 Be8 17. b4 Bh5 18. b5 Rac8 19. bxc6 bxc6 20. c5 Ng4 21. Nxg4 Bxg4 22. Rb3 Rc7 23. Rfb1 h6 24. Rb8 Rfc8 25. Qa4 Rxb8 26. Rxb8+ Kh7 27. Qb4 g5 28. Kf2 Bd1 29. Bf1 gxf4 30. exf4 Qg7 31. Qd2 Qg4 32. Qe3 1-0

[Event "December 12 Early 2023"]
[Site "https://www.chess.com"]
[Date "2023.12.12"]
[Round "1"]
[White "Skaric, Djuro"]
[Black "Rosen, Eric"]
[Result "0-1"]
[Board "110"]
[TimeControl "180+1"]
[WhiteFideId "934569"]
[BlackFideId "2032562"]
[WhiteElo "2402"]
[BlackElo "2704"]
[WhiteTeam "SRB"]
[BlackTeam "USA"]
[WhiteClock "0:01:35"]
[BlackClock "0:00:50"]

1. g3 d5 2. Bg2 Nf6 3. d3 e6 4. Nf3 Be7 5. O-O O-O 6. h3 b6 7. Nc3 Bb7 8. e4 dxe4 9. Ng5 Nc6 10. Ngxe4 Nxe4 11. dxe4 Qc8 12. f4 Rd8 13. Bd2 Bc5+ 14. Kh2 Be3 15. Nb1 Ba6 16. Rh1 Qd7 17. Qg4 Bxd2 18. Rd1 Qd4 19. Nxd2 Qf2 20. Nf3 Qxc2 21. Ne1 Qxb2 22. e5 Be2 23. Rxd8+ Rxd8 24. Qg5 Rd2 25. Bxc6 Bf3+ 26. Kg1 Qd4+ 0-1

[Event "December 12 Early 2023"]
[Site "https://www.chess.com"]
[Date "2023.12.12"]
[Round "1"]
[White "Martinez Ramirez, Lennis"]
[Black "Bazilius, Augustinas"]
[Result "1/2-1/2"]
[Board "111"]
[TimeControl "180+1"]
[WhiteFideId "3509079"]
[BlackFideId "12832251"]
[WhiteElo "2702"]
[BlackElo "2401"]
[WhiteTeam "CUB"]
[BlackTeam "LTU"]
[WhiteClock "0:00:04"]
[BlackClock "0:00:15"]

1. Nf3 Nf6 2. g3 c5 3. Bg2 g6 4. O-O Bg7 5. Nc3 O-O 6. e4 d5 7. exd5 Nxd5 8. Ne4 b6 9. d4 cxd4 10. Nxd4 Bb7 11. c3 Nc6 12. Nxc6 Bxc6 13. Qe2 Qc7 14. h4 h5 15. Bg5 Qb7 16. Rfe1 Rfd8 17. Rad1 Nf6 18. Nxf6+ Bxf6 19. Bxc6 Qxc6 20. Rxd8+ Rxd8 21. Bxf6 exf6 22. Rd1 Rxd1+ 23. Qxd1 Qe6 24. b3 Qe5 25. Qd2 f5 26. Qd8+ Kg7 27. Qd4 Qxd4 28. cxd4 Kf6 29. Kg2 Ke6 30. Kf3 Kd5 31. Ke3 b5 32. Kd3 b4 33. Ke3 f6 34. f4 Ke6 35. Kd2 Kd6 36. Ke3 Ke6 37. Ke2 Kd6 38. Kd2 Ke6 39. Kd3 Kd5 40. Ke3 a6 41. Kd3 a5 42. Ke3 Ke6 43. Kd3 Kd5 44. Ke3 Kd6 45. Kd2 Kc6 46. Kc2 Kd6 47. Kd2 Kc6 48. Ke3 Kb6 49. d5 Kc5 50. d6 Kxd6 51. Kd4 Kc6 52. Kc4 g5 53. fxg5 fxg5 54. hxg5 Kd6 55. Kd4 Ke6 56. Ke3 Kf7 57. Kf3 Kg7 58. Ke3 Kf7 59. Kf3 Kg7 60. Ke3 Kh7 61. Kf3 Kg7 1/2-1/2

[Event "December 12 Early 2023"]
[Site "https://www.chess.com"]
[Date "2023.12.12"]
[Round "1"]
[White "Parra Gomez, Adrian"]
[Black "Komov, Roman"]
[Result "0-1"]
[Board "112"]
[TimeControl "180+1"]
[WhiteFideId "3513106"]
[BlackFideId "24175714"]
[WhiteElo "2401"]
[BlackElo "2702"]
[WhiteTeam "CUB"]
[BlackTeam "RUS"]
[WhiteClock "0:00:00"]
[BlackClock "0:00:20"]

1. d4 Nf6 2. c4 e6 3. Nc3 Bb4 4. f3 d5 5. a3 Be7 6. cxd5 exd5 7. Bf4 O-O 8. Bg3 c5 9. e3 Nc6 10. Nge2 Re8 11. Bf2 cxd4 12. Nxd4 Bc5 13. Be2 Bd7 14. O-O Qe7 15. Rc1 Rad8 16. Kh1 Bd6 17. Bd3 Bb8 18. Re1 Ne5 19. Bf5 a6 20. Bg3 Ba7 21. Bxd7 Rxd7 22. Qb3 Nd3 23. Nxd5 Nxd5 24. Qxd3 h5 25. Nf5 Qe6 26. e4 Nb4 27. Qc4 Nd3 28. Qxe6 fxe6 29. Nd6 Red8 30. e5 Nxc1 31. Rxc1 Bd4 32. Rc2 Rf8 33. h4 g6 34. b4 Be3 35. Rc4 Kg7 36. Kh2 g5 37. hxg5 Bxg5 38. Kh3 Be7 39. Rd4 Bxd6 40. exd6 Rf5 41. Kh4 Kf6 42. Rc4 e5 43. Rc7 Ke6 44. Bh2 Kxd6 45. Rc8 Rg7 46. Kh3 Kd5 47. Rc5+ Kd4 48. Bg1+ Kd3 49. Bh2 Rfg5 50. Bxe5 Rf7 51. f4 Rgf5 52. Rc3+ Kd2 53. Rg3 h4 54. Rg4 Rd7 55. Rxh4 Rd3+ 56. Kg4 Rf8 57. Rh7 Rxa3 58. Rxb7 Rg8+ 59. Rg7 Rf8 0-1

[Event "December 12 Early 2023"]
[Site "https://www.chess.com"]
[Date "2023.12.12"]
[Round "1"]
[White "Aaditya Dhingra"]
[Black "Federzoni, Enzo"]
[Result "0-1"]
[Board "113"]
[TimeControl "180+1"]
[WhiteFideId "25678191"]
[BlackFideId "2173301"]
[WhiteElo "2701"]
[BlackElo "2401"]
[WhiteTeam "IND"]
[BlackTeam "BRA"]
[WhiteClock "0:00:20"]
[BlackClock "0:00:15"]

1. b3 e5 2. Bb2 Nc6 3. g3 d5 4. Bg2 Nf6 5. e3 Bd6 6. Ne2 O-O 7. O-O e4 8. d3 h5 9. dxe4 Nxe4 10. Qxd5 Ng5 11. h4 Nh7 12. Qxh5 Re8 13. Nbc3 Ne5 14. Be4 g6 15. Qh6 Ng4 16. Qf4 Bxf4 17. Nxf4 Nhf6 18. Rad1 Qe7 19. Bf3 Ne5 20. Bg2 Bg4 21. Ncd5 Nxd5 22. Nxd5 Qd8 23. f3 Be6 24. f4 c6 25. Nc3 Qb6 26. fxe5 Qxe3+ 27. Kh2 Qxe5 28. Rfe1 Qa5 29. Ne4 Qxa2 30. Nf6+ Kh8 31. Bd4 Red8 32. h5 Rxd4 33. Rxd4 Qxc2 34. h6 Qxb3 35. Rd6 Qc3 36. Rf1 Qe5 37. Rdd1 Bf5 38. Rc1 Qxf6 39. Be4 Qg5 40. Bxf5 gxf5 41. Rc5 Qxh6+ 42. Kg2 Rd8 43. Rcxf5 Rd2+ 44. R1f2 Rxf2+ 45. Rxf2 Qe3 46. Rxf7 c5 47. Rxb7 c4 0-1

[Event "December 12 Early 2023"]
[Site "https://www.chess.com"]
[Date "2023.12.12"]
[Round "1"]
[White "Xie, Bryan"]
[Black "Hua, Lefong"]
[Result "1-0"]
[Board "114"]
[TimeControl "180+1"]
[WhiteFideId "30941296"]
[BlackFideId "2602253"]
[WhiteElo "2395"]
[BlackElo "2700"]
[WhiteTeam "USA"]
[BlackTeam "CAN"]
[WhiteClock "0:00:09"]
[BlackClock "0:00:43"]

1. e4 c5 2. Nf3 g6 3. d4 cxd4 4. Nxd4 Bg7 5. c4 Nc6 6. Be3 Nf6 7. Nc3 O-O 8. Be2 d6 9. O-O Bd7 10. Rc1 Nxd4 11. Bxd4 Bc6 12. f3 a5 13. Nd5 Bxd5 14. cxd5 Nd7 15. Be3 Nc5 16. b3 Qb6 17. Kh1 Rfc8 18. Qd2 Qb4 19. Rfd1 Qxd2 20. Rxd2 b6 21. Bb5 h5 22. Rdc2 Rf8 23. Kg1 f5 24. exf5 Rxf5 25. Bxc5 bxc5 26. Re2 Kf8 27. Rce1 Ra7 28. Bc6 Be5 29. g3 Rxf3 30. Rf1 Rf6 31. Rc1 Ra6 32. Rc4 Rb6 33. Ra4 Bc3 34. Kg2 e5 35. g4 hxg4 36. Rxg4 Rb4 37. Rxb4 axb4 38. Rf2 Kg7 39. Rxf6 Kxf6 40. Kf3 Kg5 41. Ke4 Kh4 42. Bd7 Bd4 43. h3 Kg3 44. Bc8 g5 45. Bf5 Bb2 46. Bg4 Bc1 47. Bf5 Bf4 48. Bg4 Kf2 49. Kd3 Ke1 50. Bf3 Bg3 51. Bg4 e4+ 52. Kxe4 Kd2 53. Kf5 Bh4 54. Ke6 Bg3 55. Kf5 Kc3 56. Kxg5 Kb2 57. Be2 Kxa2 58. Bc4 Kb2 59. h4 Kc3 60. h5 Kd4 61. h6 Be5 62. Kf5 Bh8 63. Ke6 Be5 64. Kf7 Ke4 65. h7 Kf5 66. Kg8 Kg6 67. h8=Q Bxh8 68. Kxh8 Kf7 69. Kh7 Kf6 70. Kg8 Ke7 71. Kg7 Ke8 72. Kf6 Kd7 73. Kf7 1-0